 Dungeon Crawl Stone Soup version 0.27.0-1-g7a089689b8 (webtiles) character file.

Game seed: 9777946409117997064

6813 gimp the Grappler (level 10, -10/102 HPs)
             Began as a Troll Delver on Aug 8, 2021.
             Was a Priest of Qazlal.
             Killed from afar by Fannar (42 damage)
             ... with a bolt of cold
             ... on level 10 of the Dungeon.
             The game lasted 00:14:28 (7549 turns).

gimp the Grappler (Troll Delver)                    Turns: 7549, Time: 00:14:29

Health: -10/102    AC:  7    Str: 23    XL:     10   Next: 77%
Magic:  12/12      EV: 12    Int:  6    God:    Qazlal [***...]
Gold:   331        SH:  4    Dex: 13    Spells: 9/9 levels left

rFire    . . .     SeeInvis .     - Unarmed
rCold    . . .     Faith    .   (no shield)
rNeg     . . .     Spirit   .   a - +0 robe
rPois    +         Reflect  .   (helmet restricted)
rElec    .         Harm     .   E - +2 cloak {rCorr}
rCorr    +         Rampage  .   (gloves unavailable)
Will     +....                  (boots unavailable)
Stlth    +.........             (no amulet)
HPRegen  1.27/turn              J - ring of willpower
MPRegen  0.13/turn              L - ring of poison resistance

@: no status effects
A: large, unfitting armour, claws 3, regeneration 1, shaggy fur 1, tough skin 1
a: Renounce Religion, Upheaval, Elemental Force


You were on level 10 of the Dungeon.
You worshipped Qazlal.
Qazlal was most pleased with you.
You visited 1 branch of the dungeon, and saw 10 of its levels.

You collected 570 gold pieces.
You spent 239 gold pieces at shops.

Inventory:

Hand Weapons
 l - a +1 dagger of electrocution
Missiles
 n - 3 javelins (quivered)
 B - 9 poisoned darts
 H - 2 throwing nets
Armour
 a - a +0 robe (worn)
 E - a +2 cloak of preservation (worn)
Jewellery
 i - an amulet of guardian spirit
 q - a ring of wizardry
 C - a ring of flight
 F - a ring of fire
 J - a ring of willpower (left claw)
 L - a ring of poison resistance (right claw)
Wands
 f - a wand of digging (6)
 m - a wand of flame (30)
 I - a wand of acid (8)
Scrolls
 b - 6 scrolls of fog
 c - 4 scrolls of magic mapping
 d - 2 scrolls of fear
 h - 2 scrolls of teleportation
 k - a scroll of brand weapon {unknown}
 r - 4 scrolls of blinking
 t - 4 scrolls of vulnerability {unknown}
 w - a scroll of enchant weapon {unknown}
 y - a scroll of amnesia
 A - a scroll of silence
Potions
 e - 3 potions of haste
 g - 2 potions of mutation {unknown}
 j - a potion of attraction {unknown}
 o - a potion of resistance {unknown}
 p - a potion of brilliance {unknown}
 s - 2 potions of heal wounds {unknown}
 u - a potion of flight {unknown}
 v - 2 potions of invisibility {unknown}
 x - 4 potions of curing {unknown}
 z - a potion of ambrosia {unknown}
 D - a potion of cancellation
 G - 2 potions of lignification {unknown}
 K - a potion of berserk rage


   Skills:
 - Level 7.0 Fighting
 + Level 5.9 Dodging
 - Level 2.7 Stealth
 * Level 11.9 Unarmed Combat
 + Level 4.2 Invocations


You had 9 spell levels left.
You didn't know any spells.
Your spell library contained the following spells:

 Spells                   Type           Power      Damage    Failure   Level
 Blink                    Tloc           N/A        N/A       58%         2
 Slow                     Hex            0%         N/A       58%         2
 Confusing Touch          Hex            0%         N/A       83%         3
 Dazzling Flash           Conj/Hex       0%         N/A       83%         3
 Lesser Beckoning         Tloc           0%         N/A       83%         3
 Portal Projectile        Hex/Tloc       0%         N/A       83%         3
 Animate Armour           Summ/Erth      0%         N/A       99%         4
 Iskenderun's Mystic Bla  Conj/Tloc      0%         2d3       99%         4
 Blade Hands              Tmut           0%         N/A       100%        5
 Excruciating Wounds      Necr           0%         N/A       100%        5
 Manifold Assault         Tloc           0%         N/A       100%        5
 Yara's Violent Unravell  Hex/Tmut       0%         3d3       100%        5
 Iron Shot                Conj/Erth      0%         9d1       100%        6
 Starburst                Conj/Fire      0%         8x6d3     100%        6


Dungeon Overview and Level Annotations

Branches:
Dungeon (10/15)            Temple (0/1) D:7             Orc (0/2) D:9
   Lair: D:8-11

Altars:
Cheibriados
Dithmenos
Gozag
Okawaru
Qazlal
Ru
Sif Muna
Uskayaw
Vehumet
Zin
The Shining One

Shops:
D:2 [   D:4 *[   D:6 *

Annotations:
D:3 Sigmund
D:10 Fannar


Innate Abilities, Weirdness & Mutations

You are too large for most types of armour.
You have claws for hands.
Your natural rate of healing is unusually fast.
You are covered in fur. (AC +1)
You have tough skin. (AC +1)


Message History

Fannar gestures wildly while chanting.
Fannar drains the heat from the surrounding environment!
* * * LOW HITPOINT WARNING * * *
You take 21 damage, and have 28/102 hp.
MASSIVE DAMAGE!!
You claw Fannar!
Fannar is heavily wounded.
Fannar gestures wildly while chanting.
You barely miss Fannar.
Fannar is heavily wounded.
Okay, then.
You claw Fannar! Your claw misses Fannar.
Fannar is severely wounded.
Fannar hits you but does no damage. Fannar freezes you.
* * * LOW HITPOINT WARNING * * *
You take 5 damage, and have 25/102 hp.
Aiming: Corrosive Bolt
Press: ? - help, Shift-Dir - straight line, f/p - Fannar
Aim: Fannar, wielding a staff of cold, wearing a +1 robe of cold resistance and carrying a wand of digging (7) (severely wounded, covered in acid, 53% to hit)
The bolt of acid hits Fannar!
Fannar is splashed with acid.
Fannar seems to be corroded for longer.
Fannar is almost dead.
The bolt of acid hits the ice beast!
The ice beast is splashed with acid!
The ice beast is severely wounded.
You regained 2 hp, and now have 27/102 hp.
Okay, then.
Aiming: Corrosive Bolt
Press: ? - help, Shift-Dir - straight line, f/p - Fannar
Aim: Fannar, wielding a staff of cold, wearing a +1 robe of cold resistance and carrying a wand of digging (7) (almost dead, covered in acid, 53% to hit)
The bolt of acid hits the ice beast!
The ice beast is splashed with acid.
The acid corrodes the ice beast!
You kill the ice beast!
The bolt of acid misses Fannar.
Aiming: Throw Flame
Press: ? - help, Shift-Dir - straight line, f/p - Fannar
Aim: Fannar, wielding a staff of cold, wearing a +1 robe of cold resistance and carrying a wand of digging (7) (almost dead, covered in acid, 48% to hit)
The puff of flame hits Fannar.
Fannar is almost dead.
Fannar points at you and mumbles some strange words.
The bolt of cold hits you!!!
You die...

#.# #.# #.#
#.# # #.# #.
#.# .. #.#
..#.#.####.#
♣.....e.@.#
♣♣.#.######
#


You could see Fannar (corroded).

Vanquished Creatures
  A boulder beetle (D:9)
  A two-headed ogre (D:9)
  Prince Ribbit (D:6)
  6 yaks (D:9)
  A steam dragon (D:8)
  Menkaure (D:5)
  Edmund (D:6)
  Duvessa (D:6)
  2 ice beasts
  2 sky beasts
  A black bear (D:6)
  A hornet zombie (D:6)
  An orc warrior (D:8)
  3 necrophages
  4 ogres
  3 centaurs
  A phantom (D:5)
  4 bullfrogs
  A gnoll sergeant (D:8)
  Dowan (D:6)
  10 killer bees
  15 wights
  A bullfrog zombie (D:6)
  4 centaur zombies
  2 hounds
  2 jellies
  3 centaur skeletons
  An orc priest (D:8)
  4 iguanas
  Ijyb (D:4)
  Terence (D:3)
  4 orc wizards
  2 hound skeletons (D:4)
  3 howler monkey zombies
  Robin (D:2)
  7 gnolls
  7 adders
  A shadow imp (D:6)
  A white imp (D:6)
  An adder skeleton (D:4)
  3 worms
  3 dart slugs (D:3)
  32 orcs
  5 endoplasms
  A giant cockroach (D:2)
  17 goblins
  8 hobgoblins
  4 jackals
  6 quokkas
  A ball python (D:2)
  4 bats
  A frilled lizard (D:2)
  10 kobolds
  8 rats
211 creatures vanquished.

Vanquished Creatures (others)
  A gnoll (D:8)
1 creature vanquished.

Grand Total: 212 creatures vanquished

Notes
Turn   | Place    | Note
-------+----------+-------------------------------------------
     0 | D:5      | gimp the Troll Delver began the quest for the Orb.
     0 | D:5      | Reached XP level 1. HP: 22/22 MP: 0/0
    24 | D:5      | Noticed a phantom
    69 | D:5      | Noticed a sky beast
   108 | D:5      | Noticed an iguana
   135 | D:4      | Found Iklis's Antique Armour Boutique.
   158 | D:4      | Killed an iguana
   159 | D:4      | Reached skill level 3 in Unarmed Combat
   159 | D:4      | Reached XP level 2. HP: 29/29 MP: 1/1
   167 | D:4      | Reached XP level 3. HP: 32/36 MP: 2/2
   280 | D:3      | Noticed Terence
   281 | D:3      | Noticed Sigmund
   292 | D:3      | Found a glowing golden altar of the Shining One.
   316 | D:4      | Found a snail-covered altar of Cheibriados.
   375 | D:4      | Found Mthroosch's Merry Market.
   381 | D:4      | Reached XP level 4. HP: 45/45 MP: 3/3
   467 | D:4      | Noticed an ogre
   489 | D:4      | Killed an ogre
   490 | D:4      | Reached skill level 4 in Unarmed Combat
   490 | D:4      | Reached XP level 5. HP: 52/53 MP: 4/4
   589 | D:2      | Found Mannimo's Antique Armour Shop.
   640 | D:2      | Noticed Robin
   734 | D:2      | Killed Robin
   869 | D:2      | Reached skill level 5 in Unarmed Combat
  1269 | D:1      | Reached XP level 6. HP: 62/62 MP: 5/5
  1712 | D:1      | Found a faded altar of an unknown god.
  2117 | D:3      | Found a stormy altar of Qazlal.
  2117 | D:3      | Found an opulent altar of Gozag.
  2154 | D:3      | Became a worshipper of Qazlal Stormbringer
  2382 | D:3      | Killed Terence
  2432 | D:3      | Reached skill level 6 in Unarmed Combat
  2855 | D:4      | Identified the +1 plate armour of Okawaru's Whim {rF++
                  | Will+ Int+2 Dex-4}
  2932 | D:4      | Noticed Ijyb
  2940 | D:4      | Killed Ijyb
  3182 | D:5      | Reached XP level 7. HP: 56/70 MP: 6/6
  3239 | D:5      | Noticed Menkaure
  3262 | D:5      | Killed Menkaure
  3263 | D:5      | Reached skill level 7 in Unarmed Combat
  3328 | D:5      | Reached * piety under Qazlal
  3659 | D:5      | Reached skill level 5 in Fighting
  3659 | D:5      | Reached XP level 8. HP: 58/80 MP: 7/7
  3720 | D:5      | Found a sacrificial altar of Ru.
  3916 | D:6      | Found Coczit's General Store.
  3919 | D:6      | Bought a scroll of blinking for 97 gold pieces
  3999 | D:2      | Bought a runed cloak for 142 gold pieces
  4062 | D:5      | Reached skill level 8 in Unarmed Combat
  4082 | D:6      | Noticed Edmund
  4095 | D:6      | Killed Edmund
  4124 | D:6      | You fall into a shaft and drop 2 floors!
  4235 | D:8      | Found a shadowy altar of Dithmenos.
  4286 | D:8      | Found a radiant altar of Vehumet.
  4494 | D:8      | Reached skill level 9 in Unarmed Combat
  4590 | D:8      | Reached XP level 9. HP: 85/87 MP: 8/8
  4619 | D:8      | Reached ** piety under Qazlal
  4850 | D:7      | Reached skill level 10 in Unarmed Combat
  5371 | D:7      | Found a staircase to the Ecumenical Temple.
  5470 | D:7      | Found a hide-covered altar of Uskayaw.
  5470 | D:7      | Found a glowing silver altar of Zin.
  6034 | D:6      | Reached skill level 1 in Invocations
  6087 | D:6      | Noticed Duvessa
  6088 | D:6      | Noticed Dowan
  6098 | D:6      | Killed Dowan
  6100 | D:6      | Killed Duvessa
  6200 | D:6      | Found an iron altar of Okawaru.
  6235 | D:6      | Found a shimmering blue altar of Sif Muna.
  6335 | D:6      | Noticed Prince Ribbit
  6348 | D:6      | Killed Prince Ribbit
  6349 | D:6      | Reached XP level 10. HP: 84/100 MP: 10/10
  6373 | D:6      | Reached *** piety under Qazlal
  6402 | D:6      | Reached skill level 5 in Dodging
  6879 | D:9      | Noticed a boulder beetle
  6901 | D:9      | Killed a boulder beetle
  6902 | D:9      | Reached skill level 11 in Unarmed Combat
  6983 | D:9      | Noticed a two-headed ogre
  6988 | D:9      | Killed a two-headed ogre
  7293 | D:9      | Found a staircase to the Orcish Mines.
  7351 | D:9      | Identified the +3 hunting sling of Ybrae {vorpal, rElec
                  | rF+}
  7524 | D:10     | Entered Level 10 of the Dungeon
  7533 | D:10     | Noticed Fannar
  7549 | D:10     | Killed from afar by Fannar

Illustrated notes

Levels and vault maps discovered:
D:1:      amcnicky_arrival_wind_blow, layout_basic,
          shapermc_ecumenical_altar_ellora
D:2:      layout_basic, serial_shops, shop, hex_medium, uniq_robin
D:3:      layout_loops_ring, gammafunk_temple_overflow_forgotten, uniq_terence,
          uniq_sigmund
D:4:      layout_cave_pods, amcnicky_altar_gilded, palyth_stone_intersect,
          chequers_garden, minmay_curled_crystal,
          hangedman_abyss_or_decor_stabs, nicolae_stop_n_shop_1,
          nicolae_alphabet_shops, grunt_ministairs_1, minivault_11, uniq_ijyb
D:5:      layout_loops_ring, nicolae_ru_great_annihilating_truth, uniq_menkaure
D:6:      layout_cave_pools, nicolae_sif_muna_condensation, okawaru_trees_2,
          serial_shops, nicolae_stop_n_shop_2, uniq_edmund, uniq_duvessa,
          uniq_prince_ribbit1
D:7:      layout_layer_cave, gammafunk_temple_overflow_wave,
          minmay_temple_entry_fiery, hangedman_abyss_or_decor_stagger,
          columned_hall_lemuel, minivault_22
D:8:      layout_basic, overflow_temple_1_default, old_standard_altar
D:9:      layout_roguey, orc_0_dummy
D:10:     layout_loops_ring, mainiacjoe_overflow_surrounded_room,
          due_lair_maze_entry_diamond, roderic_roman_lattice,
          minmay_variable_closet, nrook_campfire, uniq_fannar

Skill      XL: |  1  2  3  4  5  6  7  8  9 10 |
---------------+-------------------------------+-----
Unarmed Combat | 3 4 5 6 7 9 10 11 | 11.9
Fighting       | 3 4 5 6 7 |  7.0
Dodging        | 2 3 4 5 |  5.9
Invocations    | 2 4 |  4.2
Stealth        | |  2.7

Action                   |  1- 3 |  4- 6 |  7- 9 | 10-12 || total
-------------------------+-------+-------+-------+-------++-------
Melee: Unarmed           |    57 |   190 |   276 |   106 ||   629
       Punch             |     1 |     4 |    22 |    11 ||    38
Evoke: Wand              |       |       |     2 |     7 ||     9
  Use: Potion            |       |       |     1 |       ||     1
       Scroll            |       |       |     6 |       ||     6
 Stab: Sleeping          |     2 |     3 |     2 |       ||     7
       Paralysed         |       |       |     2 |       ||     2
Armor: Robe              |    32 |    47 |    51 |    29 ||   159
Dodge: Dodged            |    36 |    86 |   123 |    69 ||   314
Block: Other             |       |       |    19 |    19 ||    38
